Chaos Monk, chaotic male human Monk ----------- |......<..| --------------------------------- -------- |.........| |.-..|..|..-....-..|..|..|..-...| |.....>| |.........| |.|..|..|..|....|..|..|..|..|...| |......| |..........########`|.----|-----....----|--|-----...| |.Z...^| ---|------- #|.....................%.........| ##-@.....| ## ## #|.-|-----|--.......--|---|---...| # -----.-- # # #|.|..|..|%.|......{|....|...|....######* # #%# ### #|.|..|..|..|.......|....|%..|...| ### # # #|.----|-----.......|.._.|%%%|.(.| # ## # #|.%...........{....|....|%!%|...| ### # # #|(------+--------.----------|...| # ## # #|%|.[..| |.| |(.(.-...| # -----.--|- #|.-...[| +.+ |%%(.|...| -----.----- |.........######|`|.I.%| |.| |%((.|...| |....^....| |......... %..---------------.-----------...| |.........| |.........#####(|%..I...........%................## #..........| ---------- # #--------------------------------- ----------- Chaos Monk the Initiate Experience level: 8 Strength: 18 Dexterity: 8 Constitution: 12 Intelligence: 13 Wisdom: 14 Charisma: 12 Health: 0(56) Energy: 39(39) Def: 9 Gold: 1933 Moves: 4936 Dungeon seed: zST8Ng1P-ug4kiME Game ID: Chaos Monk_1520354062 Your Inventory: Coins $ - 1933 gold pieces Weapons Y - an uncursed +1 dwarvish mattock Armor e - an uncursed +2 pair of leather gloves (being worn) n - an uncursed +1 robe (being worn) q - an uncursed +0 dwarvish iron helm (being worn) r - an uncursed +0 pair of jumping boots (being worn) Comestibles f - 8 uncursed food rations h - 3 uncursed oranges i - 3 uncursed fortune cookies X - 2 uncursed cram rations Scrolls w - an uncursed scroll of remove curse B - an uncursed scroll of destroy armor E - an uncursed scroll of enchant weapon Potions D - an uncursed potion of confusion F - an uncursed potion of gain level Rings s - an uncursed ring of sustain ability (on right hand) H - an uncursed ring of stealth (on left hand) S - an uncursed ring of levitation Wands C - an uncursed wand of opening (0:7) M - an uncursed wand of striking (0:0) Q - a blessed wand of cancellation (0:3) Tools j - an uncursed oil lamp (0:1230) m - an uncursed +0 unicorn horn t - an uncursed credit card v - an uncursed towel G - an uncursed stethoscope Z - an uncursed brass lantern (lit) (0:335) Spells and supernatural/magical abilities: Name Level Category Fail Memory p - protection 1 clerical 0% 93% W - pray for help -- divine ? -- Y - supernatural jump -- ability ? -- Your skills at the end: Fighting Skills martial arts [Expert] wands [Basic] Weapon Skills Spellcasting Skills healing spells [Basic] Final Attributes: You were immune to sleep. You were poison resistant. You saw invisible. You were warned. You were stealthy. You could jump. You were fast. You had fixed abilities. You are dead. Vanquished creatures: 2 giant mimics 2 giant zombies 6 small mimics a gelatinous cube 2 stone giants 2 ettin zombies 3 watchmen a crocodile a leprechaun 2 giant spiders 4 gnome kings 3 ogres a lizard a jaguar a dwarf lord a white unicorn 2 human zombies a rope golem a bugbear a rock piercer a rock mole 2 fog clouds 3 yellow lights a shrieker a violet fungus 5 gnome lords 3 gnomish wizards a kobold mummy 2 golden naga hatchlings a gray ooze a straw golem a baby crocodile a giant ant a little dog 2 floating eyes 10 dwarves 3 kobold lords 11 hill orcs a rothe 2 rabid rats a centipede a giant bat a monkey 2 orc zombies 2 dwarf zombies a werejackal 4 iguanas 3 acid blobs a coyote 2 hobbits a large kobold 2 giant rats 2 brown molds a yellow mold 37 gnomes 2 garter snakes 3 gnome zombies 3 geckos 3 jackals 2 foxes 2 kobolds 2 goblins 11 grid bugs 3 lichens 2 kobold zombies 11 newts 196 creatures vanquished. Voluntary challenges: You never hit with a wielded weapon. You read items or engraved 10 times, starting on turn 284. You never genocided any monsters. You never polymorphed an object. You never changed form. You used no wishes. You never split a pudding. You never wrote Elbereth's name. You violated your moral code, losing 77 points of alignment, starting on turn 828. Dungeon overview: The Dungeons of Doom: levels 1 to 8 Level 1 a fountain, a vault a long staircase Level 2 a general store, an altar to Huan Ti, a fountain, a vault Level 3 many fountains, a vault Level 4 a general store, an altar to Huan Ti, some fountains, a sink, a vault stairs to The Gnomish Mines Level 5 a fountain, a vault Level 6 some fountains Level 7 Level 8 The Gnomish Mines: levels 5 to 9 Level 5 stairs to The Dungeons of Doom Level 6 Level 7 Level 8 <- You were here some shops, a temple to Chih Sung-tzu, some fountains Level 9 History has recorded: On T:1 you entered the Dungeons of Doom to retrieve the Amulet of Yendor! On T:268 you reached level 2 of The Dungeons of Doom. On T:587 you reached level 3 of The Dungeons of Doom. On T:587 you advanced to experience level 2. On T:893 you reached level 4 of The Dungeons of Doom. On T:895 you advanced to experience level 3. On T:1188 you advanced to experience level 4. On T:1209 you reached level 5 of The Dungeons of Doom. On T:1465 you reached level 1 of The Gnomish Mines. On T:1584 you advanced to experience level 5. On T:1931 you reached level 6 of The Dungeons of Doom. On T:2150 you advanced to experience level 6. On T:2312 you reached level 7 of The Dungeons of Doom. On T:2437 you reached level 8 of The Dungeons of Doom. On T:2656 you advanced to experience level 7. On T:3419 you reached level 2 of The Gnomish Mines. On T:3982 you reached level 3 of The Gnomish Mines. On T:4119 you reached level 4 of The Gnomish Mines. On T:4137 you advanced to experience level 8. On T:4639 you reached level 5 of The Gnomish Mines. Score breakdown: Gold: 1933 (11179 points) Experience: 8 levels (14739 points) Exploration: 9 levels ( 18.75%) (12377 points) Discoveries: 14 items ( 4.95%) ( 6672 points) Valuables value: (no points given unless you survive) Artifact value: 0 ( 0 points) Variety of kills: 66 monsters ( 17.37%) (12502 points) Turncount: 4936 turns (-1335 points) Survival: died (score multiplied by 80%) Total score: 44907 Latest messages: Done. The giant zombie hits! Your zombification disease builds up. The giant zombie hits! Your zombification disease builds up. Please move the cursor to an unknown object. Done. The wand hits it! The wand hits it. The wand hits it. The giant zombie hits! Your zombification disease builds up. You die... Your body rises from the dead as a human zombie... Final status: Goodbye Chaos Monk the Monk, killed by a giant zombie... You died in The Gnomish Mines on dungeon level 8 with 44907 points, and 1933 pieces of gold, after 4936 moves. You were level 8 with a maximum of 56 hit points when you died.